[Event "ESCC-65 2022"]
[Site "Lublin"]
[Date "2022.07.08"]
[Round "4.11"]
[White "Gasik, Piotr"]
[Black "Berkley, Stephen W"]
[Result "1-0"]
[ECO "A27"]
[WhiteElo "1990"]
[BlackElo "1525"]
[Annotator "NA RC"]
[PlyCount "54"]
[EventDate "2022.07.05"]
[EventType "swiss"]
[EventCountry "POL"]
[SourceTitle "playchess.com"]
[Source "ChessBase"]
[SourceQuality "1"]
[TimeControl "40/5400+30:1800+30"]

1. c4 Nc6 2. Nc3 e5 3. Nf3 Bc5 4. Nxe5 Nxe5 5. d4 d6 6. dxc5 dxc5 7. Qxd8+ Kxd8 8. b3 c6 9. Bf4 Ng6 10. Rd1+ Ke8 11. Be3 Bf5 12. Bxc5 Nf6 13. f3 b6 14. Ba3 Rd8 15. Rxd8+ Kxd8 16. e4 Bc8 17. g3 Re8 18. Bg2 Bb7 19. Ke2 Kc7 20. Rd1 Rd8 21. Rxd8 Kxd8 22. Ke3 Nd7 23. f4 f6 24. Ne2 Ngf8 25. Bh3 Nc5 26. Bxc5 bxc5 27. Nc1 Ke8 1-0

[Event "ESCC-65 2022"]
[Site "Lublin"]
[Date "2022.07.08"]
[Round "4.13"]
[White "Chubar, Vladimir"]
[Black "Stokes, Michael"]
[Result "1/2-1/2"]
[ECO "A48"]
[WhiteElo "1809"]
[BlackElo "2024"]
[Annotator "NA RC"]
[PlyCount "141"]
[EventDate "2022.07.05"]
[EventType "swiss"]
[EventCountry "POL"]
[SourceTitle "playchess.com"]
[Source "ChessBase"]
[SourceQuality "1"]
[TimeControl "40/5400+30:1800+30"]

1. d4 Nf6 2. Nf3 g6 3. Bg5 Bg7 4. Nbd2 O-O 5. e4 h6 6. Bh4 d5 7. Bxf6 exf6 8. exd5 Qxd5 9. Be2 Nc6 10. c3 Bg4 11. O-O Rfe8 12. h3 Bd7 13. Re1 Rad8 14. Qb3 Qxb3 15. axb3 a6 16. b4 g5 17. Nb3 Ne7 18. Nc5 Bc8 19. Nd2 f5 20. b5 axb5 21. Bxb5 c6 22. Bc4 b5 23. Bb3 b4 24. Nf3 Kf8 25. Ne5 Bxe5 26. Rxe5 Ng6 27. Rxe8+ Kxe8 28. Ra7 Ne7 29. f4 gxf4 30. Kf2 Rd6 31. Nd3 bxc3 32. bxc3 Be6 33. Ra8+ Rd8 34. Rxd8+ Kxd8 35. Bxe6 fxe6 36. Nxf4 Kd7 37. Kg3 Ng8 38. Nh5 Kd6 39. Kf4 Kd5 40. Ke3 e5 41. c4+ Kxc4 42. dxe5 Kd5 43. Kf4 Ne7 44. Ng7 c5 45. Nxf5 Ng6+ 46. Ke3 Nxe5 47. Nxh6 c4 48. Nf5 c3 49. Nd4 Ng6 50. g3 Ne5 51. Ne2 c2 52. Kd2 Ke4 53. Kxc2 Kf3 54. Kd2 Kf2 55. h4 Kf3 56. Ke1 Kg4 57. Kf2 Ng6 58. h5 Kxh5 59. Nf4+ Nxf4 60. gxf4 Kg4 61. Ke3 Kf5 62. Kf3 Kf6 63. Ke4 Ke6 64. f5+ Kf6 65. Kf4 Kf7 66. Ke5 Ke7 67. f6+ Kf7 68. Kf5 Kf8 69. Ke6 Ke8 70. f7+ Kf8 71. Kf6 1/2-1/2

[Event "ESCC-65 2022"]
[Site "Lublin"]
[Date "2022.07.08"]
[Round "4.14"]
[White "Olszowski, Andrzej"]
[Black "Scowen, Roger S"]
[Result "1/2-1/2"]
[ECO "A04"]
[WhiteElo "1600"]
[BlackElo "1864"]
[Annotator "NA RC"]
[PlyCount "38"]
[EventDate "2022.07.05"]
[EventType "swiss"]
[EventCountry "POL"]
[SourceTitle "playchess.com"]
[Source "ChessBase"]
[SourceQuality "1"]
[TimeControl "40/5400+30:1800+30"]

1. Nf3 e6 2. b3 f5 3. Bb2 Nf6 4. e3 Be7 5. d4 d5 6. Nbd2 c6 7. Bd3 Ne4 8. O-O O-O 9. Ne5 Nxd2 10. Qxd2 Nd7 11. f4 Nxe5 12. fxe5 Bd7 13. c4 Rc8 14. Bc3 b6 15. Rac1 Qc7 16. Rc2 Qb7 17. Qe2 b5 18. c5 Be8 19. b4 Bg5 1/2-1/2

[Event "ESCC-65 2022"]
[Site "Lublin"]
[Date "2022.07.08"]
[Round "4.15"]
[White "Sosnowska, Elzbieta"]
[Black "Patola, Eero"]
[Result "1/2-1/2"]
[ECO "B01"]
[WhiteElo "1726"]
[BlackElo "1810"]
[Annotator "NA"]
[PlyCount "128"]
[EventDate "2022.07.05"]
[EventType "swiss"]
[EventCountry "POL"]
[SourceTitle "playchess.com"]
[Source "ChessBase"]
[SourceQuality "1"]
[TimeControl "40/5400+30:1800+30"]

1. e4 d5 2. exd5 Nf6 3. d4 Nxd5 4. Nf3 g6 5. c3 Bg7 6. Bd3 O-O 7. O-O c6 8. Re1 Re8 9. Bg5 h6 10. Bh4 Nf4 11. Bc2 Na6 12. Bg3 Nh5 13. Be5 Nf6 14. Nbd2 Be6 15. Qe2 Bg4 16. h3 Bxf3 17. Nxf3 Nb8 18. Rad1 Nbd7 19. Bh2 Qb6 20. Bb1 a5 21. Rd2 a4 22. Bd3 Qd8 23. c4 e6 24. Bc2 Qa5 25. Bd6 b5 26. b4 axb3 27. axb3 bxc4 28. bxc4 c5 29. dxc5 Nxc5 30. Red1 Rac8 31. Be5 Rcd8 32. Ra1 Rxd2 33. Nxd2 Qd8 34. Nf3 Qc8 35. Rb1 Qc6 36. Nd4 Qa8 37. Nb5 Qc6 38. Nd4 Qa8 39. Qe3 Ncd7 40. Bd6 Qa2 41. Bd3 e5 42. Nb5 e4 43. Qe2 Qxe2 44. Bxe2 Rc8 45. Na7 Ra8 46. Rb7 Bf8 47. Bxf8 Kxf8 48. Rc7 Ke8 49. Rc8+ Rxc8 50. Nxc8 Kd8 51. Nd6 Ke7 52. Nb7 Ne5 53. c5 Kd7 54. Bb5+ Kc7 55. Nd6 Nfd7 56. Nxe4 f5 57. f4 fxe4 58. fxe5 Nxe5 59. Kf2 Nd3+ 60. Ke3 Nxc5 61. Be8 g5 62. Bg6 Kd6 63. Bxe4 Ke5 64. Bf3 Ne6 1/2-1/2

[Event "ESCC-65 2022"]
[Site "Lublin"]
[Date "2022.07.08"]
[Round "4.16"]
[White "Gromowski, Stanislaw"]
[Black "Plesiuk, Jan"]
[Result "1-0"]
[ECO "B50"]
[WhiteElo "1613"]
[BlackElo "1573"]
[Annotator "NA RC"]
[PlyCount "89"]
[EventDate "2022.07.05"]
[EventType "swiss"]
[EventCountry "POL"]
[SourceTitle "playchess.com"]
[Source "ChessBase"]
[SourceQuality "1"]
[TimeControl "40/5400+30:1800+30"]

1. e4 c5 2. Nf3 d6 3. Bc4 e6 4. c3 Nf6 5. d3 Nc6 6. O-O Be7 7. Re1 e5 8. Nbd2 O-O 9. Nf1 Na5 10. Bb5 a6 11. Ba4 b5 12. Bc2 Nc6 13. Ng3 Ne8 14. h3 g6 15. Bh6 Ng7 16. Qd2 a5 17. a3 Qb6 18. Red1 Rd8 19. Qe3 Rb8 20. Rab1 b4 21. axb4 axb4 22. d4 b3 23. Bd3 cxd4 24. cxd4 exd4 25. Qd2 Ne6 26. Bc4 Bf6 27. Bd5 Ne5 28. Ne1 Ba6 29. Kh2 Qb4 30. f4 Nd7 31. Qf2 Nc7 32. Bc6 Nc5 33. f5 Be5 34. fxg6 hxg6 35. Kh1 Rb6 36. Bd5 Nxd5 37. exd5 Bc4 38. Qf3 Bxg3 39. Qxg3 Bxd5 40. Qg5 Kh7 41. Qxd8 Kxh6 42. Qh8+ Kg5 43. Rxd4 Bc4 44. Qh4+ Kf5 45. Rxc4 1-0

[Event "ESCC-65 2022"]
[Site "Lublin"]
[Date "2022.07.09"]
[Round "5.1"]
[White "Petran, Peter"]
[Black "Dobosz, Henryk"]
[Result "1-0"]
[ECO "A06"]
[WhiteElo "2234"]
[BlackElo "2354"]
[Annotator "RC"]
[PlyCount "75"]
[EventDate "2022.07.05"]
[EventType "swiss"]
[EventCountry "POL"]
[SourceTitle "playchess.com"]
[Source "ChessBase"]
[SourceQuality "1"]
[TimeControl "40/5400+30:1800+30"]

1. g3 d5 2. Nf3 Bg4 3. Bg2 Nd7 4. h3 Bh5 5. O-O c6 6. d3 e5 7. Nbd2 Ngf6 8. e4 dxe4 9. dxe4 Bc5 10. c3 a5 11. Qc2 O-O 12. Rb1 a4 13. b4 axb3 14. axb3 Re8 15. b4 Bf8 16. Re1 Bxf3 17. Bxf3 b5 18. c4 Ra4 19. c5 g6 20. Qc3 Bg7 21. Bd1 Ra8 22. Nf3 Qc7 23. Bb3 Re7 24. Ra1 Rxa1 25. Qxa1 Nf8 26. Bb2 Ne8 27. Rd1 h6 28. h4 Kh7 29. h5 Bf6 30. hxg6+ fxg6 31. Kg2 Kg7 32. Qa8 Ne6 33. Bxe6 Rxe6 34. Ra1 Kf8 35. Ra7 Qd8 36. Qxd8 Bxd8 37. Nxe5 Bc7 38. f4 1-0

[Event "ESCC-65 2022"]
[Site "Lublin"]
[Date "2022.07.09"]
[Round "5.2"]
[White "Renman, Nils-Gustaf"]
[Black "Lederman, Leon"]
[Result "1/2-1/2"]
[ECO "D21"]
[WhiteElo "2311"]
[BlackElo "2213"]
[Annotator "RC"]
[PlyCount "26"]
[EventDate "2022.07.05"]
[EventType "swiss"]
[EventCountry "POL"]
[SourceTitle "playchess.com"]
[Source "ChessBase"]
[SourceQuality "1"]
[TimeControl "40/5400+30:1800+30"]

1. d4 d5 2. c4 dxc4 3. Nf3 a6 4. e3 Bg4 5. Bxc4 e6 6. h3 Bxf3 7. Qxf3 Nc6 8. O-O Nf6 9. Rd1 Bd6 10. Nc3 O-O 11. a3 Qe7 12. e4 e5 13. dxe5 Nxe5 1/2-1/2

[Event "ESCC-65 2022"]
[Site "Lublin"]
[Date "2022.07.09"]
[Round "5.3"]
[White "Bogdanov, Valentin"]
[Black "Malesevic, Nedeljko"]
[Result "1/2-1/2"]
[ECO "D68"]
[WhiteElo "2333"]
[BlackElo "2228"]
[Annotator "RC"]
[PlyCount "64"]
[EventDate "2022.07.05"]
[EventType "swiss"]
[EventCountry "POL"]
[SourceTitle "playchess.com"]
[Source "ChessBase"]
[SourceQuality "1"]
[TimeControl "40/5400+30:1800+30"]

1. d4 d5 2. c4 e6 3. Nc3 Nf6 4. Bg5 Be7 5. e3 c6 6. Nf3 Nbd7 7. Rc1 O-O 8. Bd3 dxc4 9. Bxc4 Nd5 10. Bxe7 Qxe7 11. O-O Nxc3 12. Rxc3 e5 13. Bb3 e4 14. Nd2 Kh8 15. Qh5 f5 16. f3 Nf6 17. Qh4 Be6 18. fxe4 Bxb3 19. axb3 fxe4 20. Rc5 Rae8 21. Re5 Qb4 22. Nxe4 Nxe4 23. Rxf8+ Rxf8 24. Rxe4 Qxb3 25. h3 h6 26. Re7 Qxb2 27. Qg3 Qb1+ 28. Kh2 Rg8 29. Qc7 Qb4 30. Qxb7 Qd6+ 31. Re5 Re8 32. Qxa7 Rxe5 1/2-1/2

[Event "ESCC-65 2022"]
[Site "Lublin"]
[Date "2022.07.09"]
[Round "5.4"]
[White "Syre, Christian"]
[Black "Sciupokas, Arunas"]
[Result "1-0"]
[ECO "A40"]
[WhiteElo "2243"]
[BlackElo "1960"]
[Annotator "RC"]
[PlyCount "77"]
[EventDate "2022.07.05"]
[EventType "swiss"]
[EventCountry "POL"]
[SourceTitle "playchess.com"]
[Source "ChessBase"]
[SourceQuality "1"]
[TimeControl "40/5400+30:1800+30"]

1. d4 Nc6 2. Nf3 d6 3. e4 Bg4 4. Bb5 a6 5. Bxc6+ bxc6 6. Nbd2 Nf6 7. h3 Bc8 8. e5 Nd5 9. Ne4 e6 10. O-O Be7 11. c4 f5 12. Ng3 Nb6 13. b3 O-O 14. Ba3 Nd7 15. Re1 Re8 16. exd6 Bxd6 17. Bb2 Bb7 18. c5 Bxg3 19. fxg3 Nf6 20. Bc1 a5 21. Bf4 a4 22. bxa4 Ba6 23. Qc2 Nd5 24. Rab1 Nxf4 25. gxf4 Qd5 26. Rbc1 Rab8 27. Re5 Qd7 28. a3 Rb7 29. Rce1 h6 30. d5 Rbb8 31. dxe6 Qd3 32. Qxd3 Bxd3 33. Nd4 Be4 34. Nxf5 Bxf5 35. Rxf5 Re7 36. Rfe5 Kf8 37. f5 Ke8 38. R1e4 Rb1+ 39. Kh2 1-0

[Event "ESCC-65 2022"]
[Site "Lublin"]
[Date "2022.07.09"]
[Round "5.5"]
[White "Chapman, Terry P D"]
[Black "Sokolowski, Ryszard"]
[Result "1/2-1/2"]
[ECO "A04"]
[WhiteElo "2207"]
[BlackElo "2050"]
[Annotator "RC"]
[PlyCount "44"]
[EventDate "2022.07.05"]
[EventType "swiss"]
[EventCountry "POL"]
[SourceTitle "playchess.com"]
[Source "ChessBase"]
[SourceQuality "1"]
[TimeControl "40/5400+30:1800+30"]

1. Nf3 b6 2. g3 Bb7 3. Bg2 c5 4. c4 Nf6 5. O-O g6 6. Nc3 Bg7 7. Re1 Nc6 8. e4 O-O 9. d3 d6 10. h3 Nd7 11. Be3 Nde5 12. Nh4 Nb4 13. Bf1 e6 14. f4 Nec6 15. a3 Na6 16. Nf3 Nd4 17. Bg2 Nc7 18. Bf2 e5 19. Nxd4 cxd4 20. Nd5 f5 21. exf5 Nxd5 22. cxd5 Rxf5 1/2-1/2

[Event "ESCC-65 2022"]
[Site "Lublin"]
[Date "2022.07.09"]
[Round "5.6"]
[White "Krupa, Jerzy"]
[Black "Biro, Sandor"]
[Result "0-1"]
[ECO "C01"]
[WhiteElo "1771"]
[BlackElo "2116"]
[Annotator "NA RC"]
[PlyCount "69"]
[EventDate "2022.07.05"]
[EventType "swiss"]
[EventCountry "POL"]
[SourceTitle "playchess.com"]
[Source "ChessBase"]
[SourceQuality "1"]
[TimeControl "40/5400+30:1800+30"]

1. e4 e6 2. d4 d5 3. exd5 exd5 4. Nf3 Nc6 5. c3 Nf6 6. Bd3 Be7 7. O-O O-O 8. Re1 Bg4 9. Nbd2 Bd6 10. Nf1 Re8 11. Rxe8+ Qxe8 12. Ne3 Bd7 13. Bd2 g6 14. b4 Nd8 15. a4 c6 16. Qb3 Ne4 17. Be1 Ne6 18. c4 N4g5 19. Nxg5 Nxd4 20. Qd1 Qe5 21. g3 Qxg5 22. cxd5 Re8 23. Bc3 Rxe3 24. Bxd4 Re8 25. dxc6 bxc6 26. Bxa7 Bxb4 27. Bf1 Bg4 28. Qb3 c5 29. Bc4 Qe7 30. Bb6 Bh3 31. Bf1 Be6 32. Bc4 Bh3 33. Bf1 Qf6 34. Rd1 Bxf1 35. Bd8 0-1

[Event "ESCC-65 2022"]
[Site "Lublin"]
[Date "2022.07.09"]
[Round "5.7"]
[White "Stebbings, Anthony J"]
[Black "Praszak, Michal"]
[Result "1-0"]
[ECO "A44"]
[WhiteElo "2283"]
[BlackElo "2048"]
[Annotator "RC"]
[PlyCount "87"]
[EventDate "2022.07.05"]
[EventType "swiss"]
[EventCountry "POL"]
[SourceTitle "playchess.com"]
[Source "ChessBase"]
[SourceQuality "1"]
[TimeControl "40/5400+30:1800+30"]

1. d4 c5 2. d5 e5 3. e4 d6 4. Nc3 a6 5. a4 Be7 6. Be2 Nd7 7. Nf3 Nf8 8. Nd2 Bg5 9. Nc4 Bxc1 10. Qxc1 b6 11. O-O Ng6 12. Qd2 Nf6 13. Rfb1 Rb8 14. b4 cxb4 15. Rxb4 Qc7 16. Rab1 Nd7 17. Qe3 O-O 18. Nxb6 a5 19. R4b2 Nc5 20. Nc4 Rxb2 21. Rxb2 Bd7 22. Nb5 Bxb5 23. axb5 a4 24. b6 Qd7 25. Na3 Rb8 26. Bb5 Qd8 27. Nc4 Ne7 28. Bc6 f5 29. f3 fxe4 30. fxe4 Ng6 31. g3 Qf6 32. Rb1 h6 33. Kg2 Kh7 34. Rf1 Qe7 35. Qf3 Rf8 36. Qg4 Rb8 37. h4 a3 38. Ra1 Rf8 39. h5 Nf4+ 40. gxf4 Rxf4 41. Qg6+ Kg8 42. Rxa3 Qf8 43. Ne3 Nxe4 44. Ra8 1-0

[Event "ESCC-65 2022"]
[Site "Lublin"]
[Date "2022.07.09"]
[Round "5.8"]
[White "Schulz, Michael"]
[Black "Hewson, Brian W R"]
[Result "1-0"]
[ECO "D00"]
[WhiteElo "2217"]
[BlackElo "2049"]
[Annotator "RC"]
[PlyCount "99"]
[EventDate "2022.07.05"]
[EventType "swiss"]
[EventCountry "POL"]
[SourceTitle "playchess.com"]
[Source "ChessBase"]
[SourceQuality "1"]
[TimeControl "40/5400+30:1800+30"]

1. d4 d5 2. Bg5 h6 3. Bh4 c5 4. Nc3 Qa5 5. e3 e6 6. Bb5+ Bd7 7. Bxd7+ Nxd7 8. Nge2 Ngf6 9. O-O a6 10. a3 Qc7 11. dxc5 Bxc5 12. Bg3 Qd8 13. Qd3 O-O 14. Rfd1 Qc8 15. e4 dxe4 16. Nxe4 Nxe4 17. Qxe4 Nf6 18. Qf3 Be7 19. Nc3 Rd8 20. Rxd8+ Bxd8 21. h3 Be7 22. Na4 Nd5 23. Qe4 Qc6 24. b3 b5 25. c4 bxa4 26. cxd5 Qxd5 27. Qxa4 Bd6 28. Bxd6 Qxd6 29. b4 Rd8 30. Qc2 Qd3 31. Qc7 Rd7 32. Qe5 Rd5 33. Qb2 e5 34. a4 e4 35. Re1 Qd4 36. Qxd4 Rxd4 37. Rb1 a5 38. b5 Rd8 39. Kf1 Kf8 40. Ke2 Rc8 41. Ke3 Ke7 42. Kxe4 Kd6 43. Rd1+ Ke6 44. g4 Rc2 45. f4 Rb2 46. f5+ Ke7 47. Kd5 Kd7 48. Kc5+ Kc7 49. b6+ Kc8 50. Kc6 1-0

[Event "ESCC-65 2022"]
[Site "Lublin"]
[Date "2022.07.09"]
[Round "5.9"]
[White "Neumann, Joachim"]
[Black "Gasik, Piotr"]
[Result "1-0"]
[ECO "A88"]
[WhiteElo "2082"]
[BlackElo "1990"]
[Annotator "NA RC"]
[PlyCount "111"]
[EventDate "2022.07.05"]
[EventType "swiss"]
[EventCountry "POL"]
[SourceTitle "playchess.com"]
[Source "ChessBase"]
[SourceQuality "1"]
[TimeControl "40/5400+30:1800+30"]

1. c4 f5 2. g3 Nf6 3. Nf3 d6 4. Bg2 g6 5. Nc3 Bg7 6. d4 O-O 7. O-O c6 8. b3 a5 9. Bb2 Na6 10. d5 Bd7 11. Nd4 Qc8 12. Rb1 Rb8 13. e3 h6 14. Re1 c5 15. Nde2 Nc7 16. a4 g5 17. f4 Be8 18. Qd2 Bg6 19. Rbd1 b6 20. e4 Nh7 21. exf5 Bxf5 22. Ne4 g4 23. Bxg7 Kxg7 24. N2c3 Rf7 25. Bf1 Qd7 26. Bd3 Rbf8 27. Nf2 Kg8 28. Qe2 Rg7 29. Bxf5 Qxf5 30. Rd3 Rff7 31. Ncd1 h5 32. Ne3 Qg6 33. Ng2 Ne8 34. Nh4 Qh6 35. Re3 Nf8 36. Qd3 Qh7 37. Qd2 Ng6 38. Nxg6 Qxg6 39. Ne4 Qf5 40. Ng5 Rxg5 41. fxg5 Qxg5 42. Qe2 Kf8 43. Rf1 Ng7 44. Rxf7+ Kxf7 45. Re4 Ke8 46. Rf4 Qg6 47. Qe4 Qg5 48. Kg2 Qh6 49. h3 gxh3+ 50. Kxh3 Qg5 51. Qh7 Kd7 52. Qe4 Ke8 53. g4 Qh6 54. Kg2 Qg5 55. Kh3 Qh6 56. Kg2 1-0

[Event "ESCC-65 2022"]
[Site "Lublin"]
[Date "2022.07.09"]
[Round "5.10"]
[White "Severcan, Sedat Sabri"]
[Black "Wagner-Michel, Annett"]
[Result "1/2-1/2"]
[ECO "D02"]
[WhiteElo "1849"]
[BlackElo "2056"]
[Annotator "NA RC"]
[PlyCount "113"]
[EventDate "2022.07.05"]
[EventType "swiss"]
[EventCountry "POL"]
[SourceTitle "playchess.com"]
[Source "ChessBase"]
[SourceQuality "1"]
[TimeControl "40/5400+30:1800+30"]

1. d4 d5 2. Nf3 Nf6 3. g3 Bf5 4. Bg2 c6 5. O-O e6 6. Nbd2 Bd6 7. c4 O-O 8. Nh4 Bg6 9. Nxg6 hxg6 10. e4 dxe4 11. Nxe4 Nxe4 12. Bxe4 Nd7 13. Bg2 e5 14. d5 c5 15. Qg4 Rb8 16. a4 Nf6 17. Qe2 Qd7 18. Be3 Rbe8 19. Qc2 Ng4 20. Bd2 Nh6 21. a5 Qf5 22. Qc1 Qh5 23. Ra3 f5 24. Bxh6 Qxh6 25. Qxh6 gxh6 26. Rb3 Re7 27. f3 Kf7 28. Re1 h5 29. h3 Rb8 30. Kf2 Ke8 31. g4 hxg4 32. hxg4 Rh7 33. Rh1 Rxh1 34. Bxh1 Ke7 35. Bg2 Kf6 36. Bh3 b6 37. a6 Rh8 38. Kg2 Kg5 39. Ra3 e4 40. gxf5 gxf5 41. fxe4 fxe4 42. Re3 Rh4 43. Re1 Be5 44. Rf1 Rf4 45. Rxf4 Kxf4 46. Kf2 Bxb2 47. d6 Bf6 48. Ke2 Ke5 49. d7 Bg5 50. Bg4 Kd4 51. Be6 Ke5 52. Bg4 Kd4 53. Be6 Ke5 54. Bh3 Kd4 55. Be6 Ke5 56. Bg4 Kd4 57. Be6 1/2-1/2

[Event "ESCC-65 2022"]
[Site "Lublin"]
[Date "2022.07.09"]
[Round "5.11"]
[White "Stokes, Michael"]
[Black "Gromowski, Stanislaw"]
[Result "1-0"]
[ECO "B20"]
[WhiteElo "2024"]
[BlackElo "1613"]
[Annotator "NA RC"]
[PlyCount "57"]
[EventDate "2022.07.05"]
[EventType "swiss"]
[EventCountry "POL"]
[SourceTitle "playchess.com"]
[Source "ChessBase"]
[SourceQuality "1"]
[TimeControl "40/5400+30:1800+30"]

1. e4 c5 2. d4 e6 3. d5 exd5 4. exd5 d6 5. Nf3 Be7 6. Bd3 Nf6 7. c4 O-O 8. O-O Bg4 9. h3 Bh5 10. Nc3 Nbd7 11. g4 Bg6 12. Bf4 Bxd3 13. Qxd3 Ne8 14. Rfe1 a6 15. a4 Nef6 16. Re2 Re8 17. Rae1 Bf8 18. Rxe8 Nxe8 19. Ng5 Ndf6 20. Qg3 h6 21. Nge4 Qb6 22. g5 Nh5 23. Qf3 Nxf4 24. Qxf4 hxg5 25. Nxg5 Nf6 26. Nce4 Qd8 27. Qh4 g6 28. Nxf6+ Kg7 29. Nge4 1-0

[Event "ESCC-65 2022"]
[Site "Lublin"]
[Date "2022.07.09"]
[Round "5.12"]
[White "Berkley, Stephen W"]
[Black "Kasprzyk, Irena"]
[Result "1/2-1/2"]
[ECO "A41"]
[WhiteElo "1525"]
[BlackElo "2017"]
[Annotator "NA RC"]
[PlyCount "67"]
[EventDate "2022.07.05"]
[EventType "swiss"]
[EventCountry "POL"]
[SourceTitle "playchess.com"]
[Source "ChessBase"]
[SourceQuality "1"]
[TimeControl "40/5400+30:1800+30"]

1. d4 d6 2. g3 g6 3. Bg2 c6 4. Nf3 Bg7 5. O-O Nd7 6. c4 Qc7 7. Nc3 Ngf6 8. e4 e5 9. Rb1 O-O 10. h3 Re8 11. Re1 a6 12. a4 Rb8 13. Be3 c5 14. dxe5 dxe5 15. Qc2 b6 16. Rbd1 Bb7 17. Nd5 Bxd5 18. cxd5 Qd6 19. Bf1 b5 20. axb5 axb5 21. b3 Rec8 22. Nd2 Ne8 23. Bd3 Qc7 24. Ra1 Nd6 25. Rec1 f5 26. Ra6 fxe4 27. Bxe4 Nf6 28. Rc6 Qd7 29. Bxc5 Ndxe4 30. Nxe4 Rxc6 31. dxc6 Qxc6 32. Bd6 Qxc2 33. Nxf6+ Bxf6 34. Rxc2 1/2-1/2

[Event "ESCC-65 2022"]
[Site "Lublin"]
[Date "2022.07.09"]
[Round "5.13"]
[White "Patola, Eero"]
[Black "Rak, Tomasz"]
[Result "0-1"]
[ECO "B16"]
[WhiteElo "1810"]
[BlackElo "1887"]
[Annotator "NA RC"]
[PlyCount "86"]
[EventDate "2022.07.05"]
[EventType "swiss"]
[EventCountry "POL"]
[SourceTitle "playchess.com"]
[Source "ChessBase"]
[SourceQuality "1"]
[TimeControl "40/5400+30:1800+30"]

1. e4 c6 2. d4 d5 3. Nd2 dxe4 4. Nxe4 Nf6 5. Nxf6+ gxf6 6. h3 Bf5 7. c3 Qc7 8. Nf3 Nd7 9. Bd3 Bg6 10. Bxg6 hxg6 11. Be3 Nb6 12. Qe2 Nd5 13. Bd2 Nf4 14. Bxf4 Qxf4 15. Qe3 Qf5 16. Rd1 g5 17. g4 Qa5 18. a3 O-O-O 19. Kf1 e6 20. Kg2 Bd6 21. Qe2 Kb8 22. c4 Bf4 23. Qc2 Rd7 24. Rd3 Rhd8 25. b4 Qc7 26. Rhd1 Rd6 27. Qb3 Qd7 28. a4 f5 29. gxf5 exf5 30. d5 g4 31. hxg4 fxg4 32. Ne1 f5 33. Nc2 Qh7 34. Rh1 Rh6 35. Rxh6 Qxh6 36. dxc6 Re8 37. Rg3 Qxc6+ 38. Kf1 Bxg3 39. Qxg3+ Qc7 40. Qxc7+ Kxc7 41. Ne3 Re4 42. Ke2 f4 43. Kd3 fxe3 0-1

[Event "ESCC-65 2022"]
[Site "Lublin"]
[Date "2022.07.09"]
[Round "5.14"]
[White "Scowen, Roger S"]
[Black "Chubar, Vladimir"]
[Result "0-1"]
[ECO "B06"]
[WhiteElo "1864"]
[BlackElo "1809"]
[Annotator "NA RC"]
[PlyCount "94"]
[EventDate "2022.07.05"]
[EventType "swiss"]
[EventCountry "POL"]
[SourceTitle "playchess.com"]
[Source "ChessBase"]
[SourceQuality "1"]
[TimeControl "40/5400+30:1800+30"]

1. e4 g6 2. d4 Bg7 3. f4 d5 4. e5 h5 5. Nf3 Bg4 6. Be3 Nh6 7. Nbd2 Nf5 8. Bf2 e6 9. h3 Bxf3 10. Nxf3 Nc6 11. c3 a6 12. Qd2 Qd7 13. O-O-O h4 14. Bd3 Nce7 15. Kb1 b5 16. Qe1 Bh6 17. Bxh4 Nxh4 18. Qxh4 Bg7 19. Qf2 a5 20. Ng5 b4 21. cxb4 axb4 22. Qc2 O-O 23. Rc1 c5 24. dxc5 b3 25. Qxb3 Rfb8 26. Qc2 Nc6 27. Nf3 Rxa2 28. Kxa2 Nb4+ 29. Kb1 Nxc2 30. Rxc2 Qa7 31. Rhc1 Bh6 32. g3 Rc8 33. h4 Bf8 34. c6 Rc7 35. Rc3 Bb4 36. Rb3 Ba5 37. Ra3 Qb6 38. Be2 Kg7 39. Rxa5 Qxa5 40. Nd4 Ra7 41. Nb5 Qa2+ 42. Kc2 Qa4+ 43. Kd2 Qb4+ 44. Kc2 Ra2 45. Rb1 Qc5+ 46. Kb3 Ra5 47. Ra1 Qd4 0-1

[Event "ESCC-65 2022"]
[Site "Lublin"]
[Date "2022.07.09"]
[Round "5.16"]
[White "Sosnowska, Elzbieta"]
[Black "Virtanen, Esko"]
[Result "1-0"]
[ECO "B01"]
[WhiteElo "1726"]
[BlackElo "1709"]
[Annotator "NA RC"]
[PlyCount "73"]
[EventDate "2022.07.05"]
[EventType "swiss"]
[EventCountry "POL"]
[SourceTitle "playchess.com"]
[Source "ChessBase"]
[SourceQuality "1"]
[TimeControl "40/5400+30:1800+30"]

1. e4 d5 2. exd5 Nf6 3. d4 Nxd5 4. Nf3 g6 5. c3 Bg7 6. Bd3 c6 7. O-O O-O 8. Re1 Re8 9. Bg5 h6 10. Bh4 Nf4 11. Bc2 Nd7 12. Nbd2 Nf6 13. Bg3 N4d5 14. Ne5 Qb6 15. Ndc4 Qd8 16. h3 Nb6 17. Ne3 Nfd5 18. Nxd5 cxd5 19. Qf3 Rf8 20. Bh4 Nc4 21. Nxc4 dxc4 22. Bxe7 Qb6 23. Bxf8 Bxf8 24. b3 cxb3 25. Bxb3 Qc7 26. Re8 Kg7 27. Rae1 Rb8 28. c4 b6 29. d5 Bc5 30. Qc3+ f6 31. Qf3 Bd6 32. g4 Qf7 33. Qc3 a5 34. Qd4 Bc5 35. Qf4 Qa7 36. d6 g5 37. R1e7+ 1-0

[Event "ESCC-65 2022"]
[Site "Lublin"]
[Date "2022.07.10"]
[Round "6.1"]
[White "Lederman, Leon"]
[Black "Petran, Peter"]
[Result "1-0"]
[ECO "B06"]
[WhiteElo "2213"]
[BlackElo "2234"]
[Annotator "RC"]
[PlyCount "129"]
[EventDate "2022.07.05"]
[EventType "swiss"]
[EventCountry "POL"]
[SourceTitle "playchess.com"]
[Source "ChessBase"]
[SourceQuality "1"]
[TimeControl "40/5400+30:1800+30"]

1. e4 g6 2. d4 Bg7 3. Nc3 c6 4. f4 d5 5. e5 Nh6 6. Nf3 f6 7. Be3 Bg4 8. Be2 O-O 9. O-O Nf5 10. Bf2 Bxf3 11. Bxf3 fxe5 12. fxe5 e6 13. Ne2 Nd7 14. g3 Bh6 15. Qd3 c5 16. c3 c4 17. Qd1 Qg5 18. Nf4 Qe7 19. Ng2 g5 20. Bg4 Bg7 21. Be1 Nh6 22. Bf3 Rf7 23. Bd2 Raf8 24. Qe2 Rb8 25. Qe3 g4 26. Be2 Nf5 27. Qg5 Qxg5 28. Bxg5 h6 29. Bd2 h5 30. Rad1 Bf8 31. Nf4 Ng7 32. Rf2 Be7 33. Rdf1 Bg5 34. Bd1 Bxf4 35. Bxf4 Rbf8 36. Bc2 Nf5 37. Kg2 Kg7 38. h3 gxh3+ 39. Kxh3 Kg6 40. Kg2 Nb6 41. Rh1 Nc8 42. Kf3 Nce7 43. Rg2 Rg7 44. Ke2 Rfg8 45. Kf2 h4 46. Rxh4 Kf7 47. Rh3 Ng6 48. Bd2 b5 49. Rgh2 a6 50. Rh7 Rxh7 51. Rxh7+ Rg7 52. Rxg7+ Nxg7 53. Kf3 Ne7 54. Kf4 Ngf5 55. Be1 Kg7 56. g4 Nh6 57. Kg5 Nf7+ 58. Kh5 Ng8 59. Bh4 Nh8 60. a3 Nf7 61. Bg6 Kf8 62. Bf6 Nfh6 63. Bh7 Kf7 64. g5 Nxf6+ 65. exf6 1-0

[Event "ESCC-65 2022"]
[Site "Lublin"]
[Date "2022.07.10"]
[Round "6.2"]
[White "Dobosz, Henryk"]
[Black "Renman, Nils-Gustaf"]
[Result "0-1"]
[ECO "D02"]
[WhiteElo "2354"]
[BlackElo "2311"]
[Annotator "RC"]
[PlyCount "94"]
[EventDate "2022.07.05"]
[EventType "swiss"]
[EventCountry "POL"]
[SourceTitle "playchess.com"]
[Source "ChessBase"]
[SourceQuality "1"]
[TimeControl "40/5400+30:1800+30"]

1. d4 d5 2. Nf3 Nf6 3. c4 c6 4. Qc2 dxc4 5. Qxc4 Bf5 6. g3 e6 7. Bg2 Nbd7 8. O-O Be7 9. e3 O-O 10. Nc3 Ne4 11. Nd2 Nxd2 12. Bxd2 e5 13. e4 exd4 14. exf5 dxc3 15. Bxc3 Bf6 16. Bb4 Re8 17. Qc2 Qb6 18. Qd2 a5 19. Bc3 Bxc3 20. bxc3 Rad8 21. Qf4 Nf6 22. Rab1 Qa7 23. g4 h6 24. h4 Qb8 25. Qxb8 Rxb8 26. g5 Nd7 27. Rfe1 Nc5 28. Kf1 f6 29. Re3 Kf8 30. Ke2 Rbd8 31. Bf3 hxg5 32. hxg5 fxg5 33. Bh5 Rxe3+ 34. fxe3 Ke7 35. Bf3 Kf6 36. Bg4 Rh8 37. Rd1 Rh2+ 38. Kf3 Ke7 39. e4 Nd7 40. Rxd7+ Kxd7 41. f6+ Ke8 42. fxg7 Kf7 43. Bc8 b6 44. Bd7 c5 45. a4 Kxg7 46. e5 Rh4 47. Ke3 Kf8 0-1